 Dungeon Crawl Stone Soup version 0.29-a0-393-g47a863cc1b (webtiles) character file.

Game seed: 7184449962459270470

70 HendSelp the Gusty (level 4, -5/24 HPs)
             Began as a Tengu Air Elementalist on May 10, 2022.
             Was an Initiate of Gozag.
             Slain by a river rat (8 damage)
             ... on level 3 of the Dungeon.
             The game lasted 00:03:31 (2379 turns).

HendSelp the Gusty (Tengu Air Elementalist)         Turns: 2379, Time: 00:03:32

Health: -5/24      AC:  2    Str:  8    XL:     4   Next: 21%
Magic:  0/9        EV: 12    Int: 17    God:    Gozag
Gold:   50         SH:  0    Dex: 15    Spells: 6/9 levels left

rFire   . . .      SeeInvis .   (no weapon)
rCold   . . .      Faith    .   (no shield)
rNeg    . . .      Spirit   .   a - +0 robe
rPois   +          Reflect  .   (helmet restricted)
rElec   .          Harm     .   (no cloak)
rCorr   .          Rampage  .   (no gloves)
Will    .....                   (boots unavailable)
Stlth   +.........              (no amulet)
HPRegen 0.08/turn               e - ring of poison resistance
MPRegen 0.11/turn               (no ring)

@: gold aura, attractive, very slightly contaminated, very slow
A: beak, talons 3
a: Renounce Religion, Potion Petition, Call Merchant, Bribe Branch


You were on level 3 of the Dungeon.
You worshipped Gozag.
Gozag was noncommittal.
You visited 1 branch of the dungeon, and saw 3 of its levels.

You collected 81 gold pieces.
You paid 31 gold pieces to Gozag.

Inventory:

Armour
 a - a +0 robe (worn)
Jewellery
 e - a ring of poison resistance (left hand)
Scrolls
 c - a scroll of teleportation
 i - a scroll of blinking
Potions
 d - 2 potions of flight
 f - a potion of berserk rage {unknown}
 g - a potion of attraction
 h - 2 potions of mutation {unknown}


   Skills:
 - Level 2.1 Dodging
 - Level 2.0 Stealth
 * Level 3.2 Spellcasting
 + Level 2.2 Conjurations
 + Level 4.9 Air Magic


You had 6 spell levels left.
You knew the following spells:

 Your Spells              Type           Power      Damage    Failure   Level
a - Shock                 Conj/Air       60%        1d6       3%          1
b - Static Discharge      Conj/Air       15%        N/A       6%          2

Your spell library contained the following spells:

 Spells                   Type           Power      Damage    Failure   Level
 Swiftness                Air            19%        N/A       7%          3
 Airstrike                Air            9%         N/A       22%         4
 Tukima's Dance           Hex            2%         N/A       45%         3
 Passage of Golubria      Tloc           2%         N/A       86%         4
 Yara's Violent Unravell  Hex/Tmut       1%         3d3       99%         5


Dungeon Overview and Level Annotations

Branches:
Dungeon (3/15)

Altars:
Gozag
Makhleb
Wu Jian

Shops:
D:1 *   D:2 :**

Portals:
Sewer: D:3


Innate Abilities, Weirdness & Mutations

You have a beak for a mouth.
You have claws for feet.


Message History

Casting: Static Discharge (safe; 6% risk of failure)
Confirm with . or Enter, or press ? or * to list all spells.
The centaur is struck by an arc of lightning!
Your attack snaps the centaur out of its fear.
The centaur is moderately wounded.
You are struck by an arc of lightning.
The lightning grounds out.
The rat bites you.
* * * LOW HITPOINT WARNING * * *
The rat closely misses you.
The centaur unwields a +0 shortbow.
The centaur hits you.
* * * LOW HITPOINT WARNING * * *
The centaur closely misses you. The rat bites you.
* * * LOW HITPOINT WARNING * * *
Unknown command.
Unknown command.
Unknown command.
Unknown command.
Unknown command.
It was a potion of attraction.
You feel attractive to monsters.
The river rat is no longer distracted by gold.
The centaur is distracted by your dazzling golden aura.
The rat is distracted by your dazzling golden aura. x2
The rat bites you but does no damage. The river rat closely misses you.
The centaur shouts!
Blink to where?
Press: ? - help, Dir - move target Splash!
You fall into the shallow water.
Moving in this stuff is going to be slow.
Found a glowing drain.
As you read the scroll of blinking, it crumbles to dust.
The river rat seems to regain its courage.
The river rat is attracted toward you. The rat is attracted toward you. x2
The centaur is attracted toward you. The river rat is attracted toward you.
The rat is attracted toward you.
Unknown command.
The river rat attacks as you move away! The river rat bites you!
You die...
Your body crumbles into a pile of gold.

#.#. #.##.#####.......# ##.
#.#.##.##.......##.#### #..
#.#....###########..# #). #.#
#$........#####.#### #..
#.###.$§§......≈# #.##.######..
#......§.....≈≈≈###.#.#.#......
#.#####§§§rc≈≈≈≈#....#.........
###.#####<..rrr≈≈≈###.#...#......
>.>....##....≈≈r@∩###.......###..
.##.##.##....######...##.##.# #..
#.##.########....##.##.##.###..
#....# #..........##..##.. ###..#
#####.......#####...... .####..#
#........##............ .......#
#.#########.........._.
#####.#####.# ##...........
#.......# #...._..8...


You could see a centaur, 2 river rats and 3 rats.

Vanquished Creatures
  2 adders
  A worm (D:2)
  2 dart slugs (D:1)
  5 endoplasms
  7 giant cockroaches
  3 goblins
  3 hobgoblins
  3 quokkas (D:1)
  7 ball pythons
  A bat (D:2)
  A frilled lizard (D:1)
  5 rats
40 creatures vanquished.

Vanquished Creatures (collateral kills)
  A rat (D:1)
1 creature vanquished.

Grand Total: 41 creatures vanquished

Notes
Turn   | Place    | Note
-------+----------+-------------------------------------------
     0 | D:1      | HendSelp the Tengu Air Elementalist began the quest for the
                  | Orb.
     0 | D:1      | Reached XP level 1. HP: 10/10 MP: 4/4
   164 | D:1      | Reached XP level 2. HP: 15/15 MP: 1/6
   537 | D:1      | Found Rupaoruceo's General Store.
  1098 | D:1      | Reached XP level 3. HP: 19/19 MP: 4/7
  1135 | D:1      | Learned a level 2 spell: Static Discharge
  1222 | D:2      | Found Ziz Fice's Assorted Antiques.
  1645 | D:2      | Found Tugi Imumym's General Store.
  1660 | D:2      | Found Fereelorgh's Book Shop.
  2027 | D:2      | Found a faded altar of an unknown god.
  2280 | D:3      | Found an opulent altar of Gozag.
  2299 | D:3      | Found an ornate altar of the Wu Jian Council.
  2301 | D:3      | Found a burning altar of Makhleb.
  2306 | D:3      | Became a worshipper of Gozag Ym Sagoz the Greedy
  2358 | D:3      | Reached XP level 4. HP: 17/24 MP: 3/9
  2362 | D:3      | Noticed a centaur
  2378 | D:3      | Found a glowing drain.
  2379 | D:3      | Slain by a river rat

Illustrated notes

Levels and vault maps discovered:
D:1:      nicolae_arrival_memento_mori, layout_basic, serial_shops, shop
D:2:      layout_basic, serial_shops, nicolae_shop_waterfront, shop, shop,
          ebering_ecumenical_altar_mist
D:3:      layout_loops_cross, grunt_temple_overflow_holy_war,
          grunt_temple_overflow_open, portal_sewer_entry_b, uniq_jessica

Skill      XL: |  1  2  3 |
---------------+----------+-----
Conjurations   | 2 |  2.2
Spellcasting   | 3 |  3.2
Dodging        | |  2.1
Stealth        | |  2.0
Air Magic      | |  4.9

Action                   |  1- 3 |  4- 6 || total
-------------------------+-------+-------++-------
 Cast: Shock             |    93 |       ||    93
       Static Discharge  |       |     5 ||     5
  Use: Scroll            |     7 |     2 ||     9
       Potion            |       |     2 ||     2
Armor: Robe              |     3 |     4 ||     7
Dodge: Dodged            |     9 |    11 ||    20

Table legend: (Time is in decaauts)
 A = Elapsed time spent in this place.
 B = Non-inter-level travel time spent in this place.
 C = Inter-level travel time spent in this place.
 D = Time resting spent in this place.
 E = Time spent auto-exploring this place.
 F = Levels seen in this place.
 G = Mean time per level.
                   A        B        C        D        E       F      G
               +--------+--------+--------+--------+--------+-----+--------+
         Total |   2379 |   2235 |    144 |      0 |   1958 |   3 |  793.0 |
       Dungeon |   2379 |   2235 |    144 |      0 |   1958 |   3 |  793.0 |
               +--------+--------+--------+--------+--------+-----+--------+

Top non-repeatable levels by time:
     D:1: 1201 daAuts
     D:2: 1015 daAuts
     D:3: 162 daAuts
